 Dungeon Crawl Stone Soup version 0.30.1-11-g7821555f0a (webtiles) character file.

Game seed: 6200463020421316679

19630 fireball365 the Severer (level 12, -5/111 HPs)
             Began as a Hill Orc Fighter on Dec 2, 2023.
             Was an Initiate of Gozag.
             Slain by a skeletal warrior
             ... wielding a +0 battleaxe
              (7 damage)
             ... on level 13 of the Dungeon.
             The game lasted 00:24:27 (12701 turns).

fireball365 the Severer (Hill Orc Fighter)         Turns: 12701, Time: 00:24:27

Health: -5/111     AC: 23    Str: 24    XL:     12   Next: 71%
Magic:  12/12      EV: 10    Int:  4    God:    Gozag
Gold:   1353       SH:  6    Dex: 16    Spells: 11/11 levels left

rFire   . . .        q - +4 broad axe (flame)
rCold   . . .        c - +0 buckler
rNeg    + + .        k - +0 chain mail
rPois   +            L - +1 helmet {SInv}
rElec   .            (no cloak)
rCorr   .            v - +1 pair of gloves of Teblusto {rPois rN++ Will+ Int-4}
SInv    +            h - +1 pair of boots
Will    +....        (no amulet) Stlth
                     s - +6 ring of dexterity
HPRegen 0.38/turn    x - +4 ring of protection
MPRegen 0.13/turn

%: clarity
@: gold aura
A: clarity, deterioration 1, passive freeze
a: Renounce Religion, Potion Petition, Call Merchant, Bribe Branch


You were on level 13 of the Dungeon.
You worshipped Gozag.
Gozag was most pleased with you.
You visited 2 branches of the dungeon, and saw 14 of its levels.

You collected 2159 gold pieces.
You spent 636 gold pieces at shops.
You paid 170 gold pieces to Gozag.

Inventory:

Hand Weapons
 a - a +0 war axe
 q - a +4 broad axe of flaming (weapon)
 G - a +2 war axe of flaming
 I - a +0 battleaxe
Armour
 b - a +0 scale mail
 c - a +0 buckler (worn)
 h - a +1 pair of boots (worn)
 k - a +0 chain mail (worn)
 o - a +0 tower shield
 v - the +1 pair of gloves of Teblusto (worn) {rPois rN++ Will+ Int-4}
   (You found it on level 3 of the Dungeon)

   Int:       It affects your intelligence (-4).
   rPois:     It protects you from poison.
   rN:        It greatly protects you from negative energy.
   Will:      It increases your willpower.
 y - a +0 plate armour
 L - a +1 helmet of see invisible (worn)
Jewellery
 j - a +6 ring of intelligence
 s - a +6 ring of dexterity (left hand)
 x - a +4 ring of protection (right hand)
 K - a +6 ring of intelligence
 O - an amulet of regeneration
 P - a ring of see invisible
Wands
 f - a wand of polymorph (6)
 t - a wand of mindburst (5)
 D - a wand of charming (1)
 F - a wand of flame (14)
 H - a wand of roots (12)
 M - a wand of digging (2)
Scrolls
 e - a scroll of identify
 g - 4 scrolls of enchant weapon
 n - 4 scrolls of magic mapping
 p - 4 scrolls of blinking
 r - 3 scrolls of immolation
 w - 5 scrolls of enchant armour
 z - a scroll of brand weapon
 B - 2 scrolls of fear
 C - 2 scrolls of teleportation
 J - 3 scrolls of noise
 N - 3 scrolls of fog
Potions
 d - 3 potions of might
 i - 2 potions of heal wounds
 l - 7 potions of curing
 m - 3 potions of haste
 u - 3 potions of lignification
 A - a potion of brilliance
 E - 2 potions of magic


   Skills:
 + Level 11.7 Fighting
 + Level 18.2 Axes
 + Level 10.5 Armour
 + Level 3.3 Dodging
 + Level 3.0 Stealth
 + Level 6.6 Shields
 + Level 0.6 Evocations


You had 11 spell levels left.
You didn't know any spells.
Your spell library contained the following spells:

 Spells                   Type           Power      Damage    Failure   Level
 Foxfire                  Conj/Fire      0%         2x1d4     96%         1
 Magic Dart               Conj           0%         1d3       96%         1
 Sting                    Tmut/Pois      0%         1d3       96%         1
 Call Imp                 Summ           0%         N/A       99%         2
 Cigotuvi's Dreadful Rot  Necr/Pois/Air  0%         N/A       99%         2
 Poisonous Vapours        Pois/Air       0%         N/A       99%         2
 Ignite Poison            Fire/Tmut/Pois 0%         N/A       100%        3
 Mephitic Cloud           Conj/Pois/Air  0%         N/A       100%        3
 Tukima's Dance           Hex            0%         N/A       100%        3
 Olgreb's Toxic Radiance  Pois           0%         N/A       100%        4
 Passage of Golubria      Tloc           0%         N/A       100%        4
 Alistair's Intoxication  Tmut/Pois      0%         N/A       100%        5
 Borgnjor's Vile Clutch   Necr/Erth      0%         N/A       100%        5
 Fireball                 Conj/Fire      0%         3d3       100%        5
 Freezing Cloud           Conj/Ice/Air   0%         6-21      100%        5
 Yara's Violent Unravell  Hex/Tmut       0%         3d3       100%        5
 Eringya's Noxious Bog    Tmut/Pois      0%         N/A       100%        6
 Plasma Beam              Fire/Air       0%         2x1d11    100%        6
 Starburst                Conj/Fire      0%         6d3       100%        6
 Chain Lightning          Conj/Air       0%         N/A       100%        9
 Fire Storm               Conj/Fire      0%         5d1       100%        9
 Shatter                  Erth           0%         3d5*      100%        9


Dungeon Overview and Level Annotations

Branches:
Dungeon (13/15)            Temple (1/1) D:7            Lair (0/5) D:8
    Orc (0/2) D:9
 Vaults: D:13-14

Altars:
Ashenzari
Cheibriados
Dithmenos
Elyvilon
Fedhas
Gozag
Hepliaklqana
Kikubaaqudgha
Nemelex Xobeh
Okawaru
Qazlal
Ru
Sif Muna
Uskayaw
Vehumet
Wu Jian
Xom
Yredelemnul
Zin
The Shining One

Shops:
D:5 (:   D:11 ?   D:12 [


Innate Abilities, Weirdness & Mutations

You possess an exceptional clarity of mind.
Your body sometimes deteriorates upon taking damage.
A frigid envelope surrounds you and freezes all who hurt you.


Message History

A skeletal warrior comes into view. It is wielding a +0 trident.
The skeletal warrior hits you with a +0 morningstar!
* * * LOW HITPOINT WARNING * * *
The skeletal warrior resists.
The skeletal warrior is very cold.
The skeletal warrior is severely damaged.
The centaur warrior wields a +5 shortbow.
The centaur warrior shoots an arrow.
The arrow hits you.
* * * LOW HITPOINT WARNING * * *
You feel much better.
The centaur warrior shoots an arrow.
The arrow hits you!
The skeletal warrior hits you but does no damage.
The skeletal warrior resists.
The skeletal warrior is very cold.
The skeletal warrior is severely damaged.
The centaur warrior shoots an arrow.
The arrow hits you!!
* * * LOW HITPOINT WARNING * * *
You feel much better. The skeletal warrior barely misses you.
The skeletal warrior is distracted by your dazzling golden aura.
The centaur warrior shoots an arrow.
The arrow misses you.
You hit the skeletal warrior but do no damage.
The skeletal warrior is no longer distracted by gold.
You closely miss the skeletal warrior.
The centaur warrior shoots an arrow.
The arrow hits you.
The skeletal warrior hits you but does no damage.
The skeletal warrior resists.
The skeletal warrior is very cold.
The skeletal warrior is lightly damaged.
The skeletal warrior hits you with a +0 morningstar.
* * * LOW HITPOINT WARNING * * *
The skeletal warrior resists.
The skeletal warrior is very cold.
The skeletal warrior is severely damaged.
You slice the skeletal warrior!! You burn the skeletal warrior!
The skeletal warrior is heavily damaged.
You slash the skeletal warrior! You burn the skeletal warrior.
The centaur warrior shoots an arrow.
The arrow hits you!!
* * * LOW HITPOINT WARNING * * *
The skeletal warrior hits you with a +0 morningstar!
* * * LOW HITPOINT WARNING * * *
The skeletal warrior resists.
The skeletal warrior is very cold.
The skeletal warrior is almost destroyed.
The skeletal warrior hits you with a +0 battleaxe!
You die...
Your body crumbles into a pile of gold.

**##.....<.......,*,* *,*
*,...####>#......,*,* *,*
*,...............,*$* *,*
*,........#......,*,* *,*
*,........#.#####**,* *,**
*,...####.#.....,,,,** *,**
*,.(,* #.#.c###*,,,,* *,*,
**#*,* #...z..#*,,,,* *,,, *,*
#..@z..#*,,,,* **,,*
******,***#.#$#..z....,***,,**
*,,,,,,,,...#$###.....,,,,,**,
*,,,**,*#####$# *#..[..*,,,*,*
*,,,**,* #.# *.####*,,©*,*
*,,,**,*****#.# *,# *,,,*,*
****,,$**,,,,,*#.# *,* *,,,**,
,,,,,,,**,,,,,*#.# *,**
*,*,,** ,**,,,***,,,,,*#.#
*,,** *,**,,*


You could see 3 skeletal warriors and a centaur warrior.

Vanquished Creatures
  Kirke (D:12)
  4 two-headed ogres
  Urug (D:12)
  4 skeletal warriors
  A manticore (D:12)
  Maggie (D:8)
  An unseen horror (D:10)
  2 kobold demonologists
  A komodo dragon (D:12)
  3 trolls
  3 slime creatures (D:12)
  3 wraiths
  A wyvern (D:7)
  27 yaks
  3 vampire mosquitoes (D:11)
  4 hogs (D:12)
  A basilisk (D:12)
  Menkaure (D:6)
  A warg (D:9)
  A water moccasin (D:9)
  An acid dragon (D:11)
  A sky beast (D:6)
  5 orc warriors
  3 boggarts (D:13)
  An ogre (D:7)
  3 wolves (D:8)
  4 centaurs
  2 bullfrogs
  3 kobold brigands
  Blork the orc (D:6)
  2 scorpions (D:5)
  11 wights
  12 killer bees
  A jelly (D:5)
  2 howler monkeys
  5 electric eels
  3 lava snakes (D:7)
  10 hounds
  A sleepcap (D:7)
  11 orc priests
  Ijyb (D:5)
  6 iguanas
  13 orc wizards
  10 adders
  4 worms (D:2)
  2 dart slugs
  40 orcs
  7 bats
  7 endoplasms
  4 giant cockroaches
  7 goblins
  3 hobgoblins
  5 jackals (D:5)
  4 quokkas
  4 ball pythons
  A frilled lizard (D:1)
  25 kobolds
  4 rats
293 creatures vanquished.

Vanquished Creatures (others)
  An orc wizard (D:4)
1 creature vanquished.

Grand Total: 294 creatures vanquished

Notes
Turn   | Place    | Note
-------+----------+-------------------------------------------
     0 | D:1      | fireball365 the Hill Orc Fighter began the quest for the
                  | Orb.
     0 | D:1      | Reached XP level 1. HP: 19/19 MP: 1/1
   529 | D:1      | Reached skill level 3 in Axes
   535 | D:1      | Reached XP level 2. HP: 26/27 MP: 2/2
  1097 | D:2      | Reached XP level 3. HP: 30/33 MP: 3/3
  1303 | D:2      | Reached skill level 4 in Axes
  1509 | D:2      | Reached XP level 4. HP: 33/40 MP: 4/4
  2142 | D:3      | Identified the +1 pair of gloves of Teblusto {rPois rN++
                  | Will+ Int-4}
  2546 | D:4      | Reached skill level 1 in Dodging
  2546 | D:4      | Reached XP level 5. HP: 46/46 MP: 5/5
  2589 | D:4      | Found an iron altar of Okawaru.
  2672 | D:4      | Found a shimmering blue altar of Sif Muna.
  3314 | D:4      | Got Sif Muna's Secrets of Arcane Weapons
  3320 | D:5      | Entered Level 5 of the Dungeon
  3320 | D:5      | Found a radiant altar of Vehumet.
  3336 | D:5      | Reached skill level 5 in Axes
  3354 | D:5      | Reached XP level 6. HP: 53/53 MP: 6/6
  3393 | D:5      | Reached skill level 6 in Axes
  3460 | D:5      | Found Bakum's Tiny Tomes.
  3552 | D:5      | Noticed Ijyb
  3574 | D:5      | Killed Ijyb
  3646 | D:5      | Reached skill level 7 in Axes
  3646 | D:5      | Reached XP level 7. HP: 57/60 MP: 7/7
  3656 | D:5      | Found Aceakiad's Firing Range.
  3713 | D:5      | Reached skill level 5 in Fighting
  4034 | D:5      | Found a snail-covered altar of Cheibriados.
  4034 | D:5      | Found a sacrificial altar of Ru.
  4034 | D:5      | Found a hazy altar of Hepliaklqana.
  4034 | D:5      | Found a hide-covered altar of Uskayaw.
  4040 | D:5      | Found a basalt altar of Yredelemnul.
  4040 | D:5      | Found a shimmering altar of Xom.
  4416 | D:6      | Noticed Menkaure
  4418 | D:6      | Noticed a kobold demonologist
  4497 | D:6      | Killed Menkaure
  4498 | D:6      | Reached skill level 8 in Axes
  4498 | D:6      | Reached skill level 5 in Armour
  4512 | D:6      | Killed a kobold demonologist
  4513 | D:6      | Reached skill level 9 in Axes
  4513 | D:6      | Reached XP level 8. HP: 69/70 MP: 8/8
  4623 | D:6      | Reached skill level 10 in Axes
  4808 | D:6      | Noticed Blork the orc
  4813 | D:6      | Killed Blork the orc
  4996 | D:6      | Reached XP level 9. HP: 69/78 MP: 9/9
  5324 | D:7      | Reached skill level 5 in Shields
  5397 | D:7      | Reached skill level 11 in Axes
  6119 | D:7      | Found a staircase to the Ecumenical Temple.
  6130 | Temple   | Entered the Ecumenical Temple
  6147 | Temple   | Became a worshipper of Gozag Ym Sagoz the Greedy
  6677 | D:8      | Identified a scroll of acquirement
  6677 | D:8      | Acquired a +4 broad axe of flaming
  6694 | D:8      | Reached skill level 12 in Axes
  6710 | D:8      | Noticed a troll
  6921 | D:8      | Killed a troll
  6922 | D:8      | Reached skill level 13 in Axes
  6922 | D:8      | Reached XP level 10. HP: 57/86 MP: 10/10
  7635 | D:8      | Found a staircase to the Lair.
  8036 | D:8      | Noticed Maggie
  8047 | D:8      | Killed Maggie
  8048 | D:8      | Reached skill level 1 in Stealth
  8483 | D:9      | Noticed a two-headed ogre
  8495 | D:9      | Killed a two-headed ogre
  8505 | D:9      | Reached skill level 14 in Axes
  8539 | D:9      | Reached XP level 11. HP: 55/95 MP: 11/11
  8810 | D:9      | Found a staircase to the Orcish Mines.
  9078 | D:9      | Reached skill level 15 in Axes
  9360 | D:10     | Entered Level 10 of the Dungeon
  9560 | D:10     | Gained mutation: A frigid envelope surrounds you and
                  | freezes all who hurt you. [potion of mutation]
  9560 | D:10     | Gained mutation: Your body sometimes deteriorates upon
                  | taking damage. [potion of mutation]
  9560 | D:10     | Gained mutation: You possess an exceptional clarity of
                  | mind. [potion of mutation]
  9713 | D:10     | Found a sparkling altar of Nemelex Xobeh.
 10378 | D:11     | Reached skill level 16 in Axes
 10572 | D:11     | Found Wysofich's Magic Scroll Shoppe.
 10581 | D:11     | Noticed a two-headed ogre
 10583 | D:11     | Bought a scroll of brand weapon for 171 gold pieces
 10583 | D:11     | Bought a scroll of magic mapping for 135 gold pieces
 10583 | D:11     | Bought a scroll of magic mapping for 135 gold pieces
 10587 | D:11     | Killed a two-headed ogre
 10588 | D:11     | Reached skill level 10 in Fighting
 11227 | D:12     | Noticed a manticore
 11234 | D:12     | Killed a manticore
 11275 | D:12     | Noticed Urug
 11287 | D:12     | Killed Urug
 11288 | D:12     | Reached skill level 17 in Axes
 11288 | D:12     | Reached XP level 12. HP: 67/108 MP: 12/12
 11333 | D:12     | Noticed a two-headed ogre
 11343 | D:12     | Killed a two-headed ogre
 11477 | D:12     | Found Toodeq's Antique Armour Emporium.
 11501 | D:12     | Reached skill level 10 in Armour
 11516 | D:12     | Bought a glowing helmet for 195 gold pieces
 11731 | D:12     | Found an opulent altar of Gozag.
 11879 | D:12     | Noticed a two-headed ogre
 11887 | D:12     | Killed a two-headed ogre
 11904 | D:12     | Noticed Kirke
 11917 | D:12     | Killed Kirke
 11918 | D:12     | Reached skill level 18 in Axes
 12678 | D:13     | Noticed a boulder beetle
 12683 | D:13     | Noticed a centaur warrior
 12695 | D:13     | Noticed a centaur warrior
 12701 | D:13     | HP: 2/111 [skeletal warrior/+0 morningstar (11)]
 12701 | D:13     | Slain by a skeletal warrior

Illustrated notes

Levels and vault maps discovered:
D:1:      roderic_crop_circles_arrival_small, layout_loops_ring
D:2:      layout_loops_cross
D:3:      layout_basic
D:4:      layout_basic, led_sif_book, kennysheep_mini_moat, minivault_19
D:5:      layout_cave_pools, mainiacjoe_overflow_chevrons,
          minmay_overflow_temple_hex, nicolae_shop_i_like_small_books_too,
          chequers_big_river, hex_medium, nicolae_shop_firing_range, uniq_ijyb
D:6:      layout_basic, uniq_menkaure, uniq_blork_the_orc
D:7:      layout_basic, minmay_temple_entry_antechambers, grunt_ministairs_14,
          kennysheep_cross_room
D:8:      layout_rooms, erik_lair_island, uniq_maggie
D:9:      layout_long_grid, erik_orc_4, kennysheep_generic_room_2
D:10:     layout_stronghold, nemelex_xobeh_ov_fountains_minmay
D:11:     layout_small_grid, serial_shops, shop, ebering_dispersal_statue_hall,
          minmay_splitting_lines, minivault_11, kennysheep_minor_cross,
          minivault_24
D:12:     layout_cave_pods, serial_shops, shop, nicolae_gozag_seed_capital,
          uniq_urug, uniq_kirke
D:13:     layout_basic, nzn_ghost_randoct, gauntlet_entry_generic,
          hangedman_decor_riveting, uniq_snorg
Temple:   nicolae_temple_ecumenical_triangle

Skill      XL: |  1  2  3  4  5  6  7  8  9 10 11 12 |
---------------+-------------------------------------+-----
Axes           | 3 4 5 7 9 10 13 14 17 18 | 18.2
Fighting       | 4 5 6 7 8 10 11 | 11.7
Dodging        | 1 2 3 |  3.3
Armour         | 4 5 6 7 8 9 10 | 10.5
Shields        | 4 5 6 |  6.6
Stealth        | 1 2 3 |  3.0
Evocations     | |  0.6

Action                     |  1- 3 |  4- 6 |  7- 9 | 10-12 || total
---------------------------+-------+-------+-------+-------++-------
  Melee: War axe           |   337 |   178 |   178 |       ||   693
         Broad axe         |       |       |    60 |   311 ||   371
  Evoke: Wand              |       |       |     1 |     4 ||     5
    Use: Scroll            |     1 |     2 |     8 |     9 ||    20
         Potion            |       |       |     2 |    10 ||    12
   Stab: Distracted        |       |       |     1 |     5 ||     6
 Armour: Scale mail        |    58 |     5 |       |       ||    63
         Chain mail        |       |   173 |   120 |   156 ||   449
  Dodge: Dodged            |    51 |   105 |    95 |   117 ||   368
  Block: Buckler           |    29 |    61 |    61 |    63 ||   214
